 Dungeon Crawl Stone Soup version 0.27-a0-46-g34d46f0a3f (webtiles) character file.

Game seed: 15494394918653551629

2942 Borgoz the Slasher (level 9, -1/78 HPs)
             Began as a Ghoul Monk on Jan 6, 2021.
             Was a High Priest of Okawaru.
             Slain by Pikel
             ... wielding a +1 whip of flaming
              (9 damage)
             ... on level 7 of the Dungeon.
             The game lasted 00:12:01 (9177 turns).

Borgoz the Slasher (Ghoul Monk)                     Turns: 9177, Time: 00:12:01

Health: -1/78      AC:  9    Str: 23    XL:     9   Next: 80%
Magic:  11/11      EV: 14    Int:  5    God:    Okawaru [*****.]
Gold:   393        SH:  0    Dex: 12    Spells: 8/8 levels left

rFire    . . .     SeeInvis .   h - +6 flail (drain)
rCold    + . .     Faith    .   (no shield)
rNeg     + + +     Spirit   .   k - +0 ring mail
rPois    ∞         Reflect  .   (no helmet)
rElec    .         Harm     .   e - scarf {+Inv}
rCorr    .         Rampage  .   q - +0 pair of gloves
Will     .....                  c - +2 pair of boots
Stlth    +.........             (no amulet)
HPRegen  0.00/turn              (no ring)
MPRegen  0.12/turn              p - +6 ring of strength

@: mighty
A: claws 1, cold resistance 1, negative energy resistance 3, inhibited
regeneration, torment resistance, unbreathing
a: Renounce Religion, Evoke Invisibility, Heroism, Finesse


You were on level 7 of the Dungeon.
You worshipped Okawaru.
Okawaru was extremely pleased with you.
You visited 2 branches of the dungeon, and saw 9 of its levels.

You collected 513 gold pieces.
You spent 120 gold pieces at shops.

Inventory:

Hand Weapons
 a - a +0 falchion
 b - a +0 rapier
 h - a +6 flail of draining (weapon)
 s - a +2 dagger of speed
Armour
 c - a +2 pair of boots (worn)
 e - a scarf of invisibility (worn)
 k - a +0 ring mail (worn)
 q - a +0 pair of gloves (worn)
Jewellery
 g - an uncursed ring of fire
 i - an uncursed ring of ice
 p - a +6 ring of strength (right hand)
Wands
 d - a wand of iceblast (10)
 f - a wand of paralysis (5)
 w - a wand of polymorph (8)
Scrolls
 j - 3 scrolls of fog
 l - 3 scrolls of amnesia
 m - 2 scrolls of blinking
 t - 3 scrolls of remove curse {unknown}
 u - a scroll of teleportation
 v - a scroll of torment {unknown}
 x - 2 scrolls of identify
Potions
 n - 3 potions of flight
 o - a potion of cancellation


   Skills:
 + Level 6.4 Fighting
 * Level 7.2 Long Blades
 * Level 7.2 Dodging
 - Level 2.2 Stealth
 + Level 4.5 Invocations
 + Level 4.3 Evocations


You had 8 spell levels left.
You didn't know any spells.
Your spell library was empty.

Dungeon Overview and Level Annotations

Branches:
Dungeon (8/15)             Temple (1/1) D:5
   Lair: D:8-11

Altars:
Ashenzari
Cheibriados
Dithmenos
Elyvilon
Fedhas
Gozag
Hepliaklqana
Kikubaaqudgha
Makhleb
Nemelex Xobeh
Okawaru
Qazlal
Ru
Sif Muna
Trog
Vehumet
Wu Jian
Xom
Yredelemnul
Zin
The Shining One

Shops:
D:7 *

Portals:
Ossuary: D:8

Annotations:
D:5 2 transporters, FortyThree's ghost, novice DDFi
D:7 Pikel


Innate Abilities, Weirdness & Mutations

You thrive by killing the living.
You are immune to poison.
You have sharp fingernails.
Your flesh is cold resistant. (rC+)
You are immune to negative energy. (rN+++)
You do not regenerate when monsters are visible.
You are immune to unholy pain and torment.
You can survive without breathing.


Message History

The lemure is heavily wounded.
The lemure barely misses you. Pikel closely misses you.
The lemure barely misses you. Pikel completely misses you.
You closely miss the lemure.
The lemure is heavily wounded.
The lemure hits you but does no damage. Pikel barely misses you.
You closely miss the lemure.
The lemure is heavily wounded.
The lemure hits you.
* * * LOW HITPOINT WARNING * * *
Pikel hits you but does no damage. The lemure hits you but does no damage.
You completely miss the lemure.
The lemure is heavily wounded.
Pikel hits you with a +1 whip of flaming.
* * * LOW HITPOINT WARNING * * *
Pikel burns you.
* * * LOW HITPOINT WARNING * * *
The lemure hits you but does no damage.
Pikel hits you with a +1 whip of flaming!
You die...

#### ...# ######### ...#
###.......#
...#####.........#
.........##......#
...###..#[#....)@# ###
...###.#.#.#...K5# #≈#
#####..#.##.#.###### #≈#
.#........#:#.#....# ##≈##
.#.....##.##..#....###.≈.#
.#.....#.#.#..#....##..≈[#
.###....##.##.#....##..≈.#
...####...#.#......#..####
...# ##...#..#........#


You could see Pikel and a lemure.

Vanquished Creatures
  Sigmund (D:3)
  Edmund (D:4)
  An ice beast (D:5)
  A sky beast (D:6)
  3 phantoms
  2 centaurs
  An ogre (D:6)
  3 lemures (D:7)
  A bullfrog (D:7)
  4 killer bees
  4 scorpions
  5 wights (D:7)
  2 howler monkeys
  2 quasits (D:6)
  4 jellies
  10 orc wizards
  2 centaur skeletons (D:4)
  An orc priest (D:7)
  4 hounds
  A bullfrog skeleton (D:7)
  Ijyb (D:3)
  2 iguanas (D:6)
  6 worker ants
  A hound skeleton (D:4)
  14 gnolls
  6 adders
  A shadow imp (D:7)
  3 white imps
  An ufetubus (D:5)
  An adder skeleton (D:6)
  A dart slug (D:4)
  2 leopard geckos
  23 orcs
  12 bats
  A giant cockroach (D:1)
  6 goblins
  7 hobgoblins
  3 jackals (D:7)
  9 kobolds
  A quokka (D:6)
  2 ball pythons (D:4)
  7 frilled lizards
  2 quokka skeletons (D:4)
  7 rats
172 creatures vanquished.

Notes
Turn   | Place    | Note
-------+----------+-------------------------------------------
     0 | D:1      | Borgoz the Ghoul Monk began the quest for the Orb.
     0 | D:1      | Reached XP level 1. HP: 19/19 MP: 0/0
   409 | D:1      | Reached XP level 2. HP: 26/26 MP: 1/1
   946 | D:2      | Found a blossoming altar of Fedhas.
  1004 | D:2      | Reached XP level 3. HP: 16/31 MP: 2/2
  1387 | D:2      | Found an iron altar of Okawaru.
  1904 | D:2      | Reached XP level 4. HP: 32/40 MP: 3/3
  2237 | D:3      | Noticed Ijyb
  2263 | D:3      | Killed Ijyb
  2264 | D:3      | Reached skill level 1 in Evocations
  2335 | D:3      | Reached XP level 5. HP: 46/46 MP: 4/4
  2714 | D:3      | Noticed Sigmund
  2737 | D:3      | Killed Sigmund
  2738 | D:3      | Reached XP level 6. HP: 19/53 MP: 3/5
  3214 | D:2      | Became a worshipper of Warmaster Okawaru
  3214 | D:2      | Reached * piety under Okawaru
  3214 | D:2      | Reached ** piety under Okawaru
  3534 | D:3      | Reached XP level 7. HP: 10/50 MP: 6/6
  4112 | D:3      | Reached skill level 1 in Invocations
  4457 | D:4      | Noticed Edmund
  4573 | D:4      | Reached skill level 5 in Long Blades
  4819 | D:4      | Killed Edmund
  4820 | D:4      | Reached skill level 5 in Dodging
  4912 | D:4      | Reached skill level 5 in Fighting
  4917 | D:4      | Reached XP level 8. HP: 62/68 MP: 8/8
  5026 | D:5      | Entered Level 5 of the Dungeon
  5084 | D:5      | Found a transporter.
  5085 | D:5      | Noticed FortyThree's ghost (novice DDFi)
  5087 | D:5      | Identified the cursed +0 great mace "Ukhuuje" {antimagic,
                  | rC+++ Will- Str-4 SInv}
  5090 | D:5      | Found a transporter.
  5170 | D:5      | Found a staircase to the Ecumenical Temple.
  5180 | Temple   | Entered the Ecumenical Temple
  5496 | D:5      | Reached *** piety under Okawaru
  6815 | D:6      | Reached **** piety under Okawaru
  6818 | D:6      | Reached XP level 9. HP: 34/75 MP: 10/10
  7620 | D:7      | Found Taollooh's Assorted Antiques.
  7974 | D:7      | Bought a white potion for 29 gold pieces
  7974 | D:7      | Bought a coppery potion for 29 gold pieces
  7974 | D:7      | Bought a scroll labelled NESASA HIARHI for 33 gold pieces
  7974 | D:7      | Bought a coppery potion for 29 gold pieces
  8208 | D:7      | Reached ***** piety under Okawaru
  8255 | D:7      | Found a glowing silver altar of Zin.
  8269 | D:7      | Found a stormy altar of Qazlal.
  8445 | D:7      | Found a white marble altar of Elyvilon.
  8446 | D:7      | Found a radiant altar of Vehumet.
  9117 | D:8      | Found a sand-covered staircase.
  9117 | D:8      | Noticed Pikel
  9177 | D:7      | Slain by Pikel

Illustrated notes

Levels and vault maps discovered:
D:1:      enne_arrival_octagon_isle, layout_loops_corners
D:2:      layout_rooms, fedhas_altar_3, okawaru_altar_gauntlet_db
D:3:      layout_basic, minmay_box_of_dots, uniq_ijyb, uniq_sigmund
D:4:      layout_rooms, grunt_ministairs_3, uniq_edmund
D:5:      layout_cave_pods, minmay_temple_entry_stoned_glass,
          serial_column_ruins, column_ruins_hut, column_ruins_open_medium,
          column_ruins_corridor_straight, column_ruins_open_tiny,
          column_ruins_grid_3, column_ruins_open_small,
          column_ruins_columns_straight, column_ruins_grid_4,
          gammafunk_ghost_smash
D:6:      layout_loops_ring, roderic_batcave
D:7:      layout_rooms, chequers_temple_overflow_statue_of_worship,
          serial_shops, shop, serial_rivers, chequers_serial_rivers_micro_b,
          chequers_serial_rivers_small_b, chequers_serial_rivers_small_3,
          chequers_serial_rivers_small_3, chequers_serial_rivers_micro_a,
          interstate_on_off, amethyst_killhole, minmay_manual_mess
D:8:      layout_gridville, eat_drink_and_be_merry_uskayaw, serial_shops,
          kennysheep_little_box, nicolae_ossuary_entry_ruins,
          ebering_ghost_funeral_grove, chequers_avenue, uniq_pikel
Temple:   eino_temple_scatter_basement

Skill      XL: |  1  2  3  4  5  6  7  8  9 |
---------------+----------------------------+-----
Long Blades    | 3 4 5 6 7 |  7.2
Dodging        | 3 4 5 6 7 |  7.2
Evocations     | 1 2 3 4 |  4.3
Fighting       | 4 5 6 |  6.4
Invocations    | 1 3 4 |  4.5
Stealth        | |  2.2

Action                   |  1- 3 |  4- 6 |  7- 9 || total
-------------------------+-------+-------+-------++-------
Melee: Falchion          |   128 |   171 |   126 ||   425
       Flail             |       |       |   329 ||   329
       Rapier            |       |       |     4 ||     4
Invok: Heroism           |       |     1 |       ||     1
 Abil: Evoke Invisibilit |       |     2 |       ||     2
Evoke: Wand              |       |       |     2 ||     2
  Use: Scroll            |     6 |     1 |     5 ||    12
       Potion            |     2 |     1 |     2 ||     5
 Stab: Sleeping          |     1 |       |       ||     1
       Invisible         |       |     5 |       ||     5
       Paralysed         |       |       |    11 ||    11
Armor: Robe              |     1 |       |       ||     1
       Ring mail         |    34 |    65 |   257 ||   356
Dodge: Dodged            |   119 |   109 |   537 ||   765
       Rpst.: Falchion   |    39 |    47 |    23 ||   109

Table legend: (Time is in decaauts)
 A = Elapsed time spent in this place.
 B = Non-inter-level travel time spent in this place.
 C = Inter-level travel time spent in this place.
 D = Time resting spent in this place.
 E = Time spent auto-exploring this place.
 F = Levels seen in this place.
 G = Mean time per level.
                   A        B        C        D        E       F      G
               +--------+--------+--------+--------+--------+-----+--------+
         Total |   9399 |   9009 |    390 |   3594 |   3659 |   9 | 1044.3 |
       Dungeon |   9268 |   8897 |    371 |   3594 |   3548 |   8 | 1158.5 |
        Temple |    130 |    111 |     19 |      0 |    111 |   1 |  130.0 |
               +--------+--------+--------+--------+--------+-----+--------+

Top non-repeatable levels by time:
     D:3: 2469 daAuts
     D:7: 1424 daAuts
     D:6: 1408 daAuts
     D:5: 1336 daAuts
     D:2: 1068 daAuts
     D:1: 906 daAuts
     D:4: 650 daAuts
  Temple: 130 daAuts
     D:8: 4 daAuts
